 Dungeon Crawl Stone Soup version 0.21-a0-78-g82a99e0 (webtiles) character file.

138 grindst0ne the Shield-Bearer (level 5, -6/41 HPs)
             Began as a Formicid Fighter on June 21, 2017.
             Was an Initiate of Gozag.
             Mangled by Natasha (7 damage)
             ... on level 4 of the Dungeon.
             The game lasted 00:04:30 (3130 turns).

grindst0ne the Shield-Bearer (Formicid Fighter)     Turns: 3130, Time: 00:04:31

Health: -6/41      AC: 10    Str: 26    XL:     5   Next: 45%
Magic:  5/5        EV:  7    Int:  7    God:    Gozag
Gold:   383        SH: 11    Dex: 11    Spells: 4/4 levels left

rFire    . . .     SeeInvis +   a - +0 war axe
rCold    . . .     Gourm    .   c - +0 shield
rNeg     . . .     Faith    .   u - +0 chain mail
rPois    .         Spirit   .   (helmet unavailable)
rElec    .         Reflect  .   e - +0 cloak
rCorr    .         Harm     .   (no gloves)
MR       .....                  (no boots)
Stlth    ..........             (no amulet)
HPRegen  0.13/turn              (no ring)
MPRegen  0.09/turn              (no ring)

@: mighty
A: permanent stasis, dig shafts and tunnels, four strong arms, antennae 3
a: Dig, Shaft Self, Potion Petition, Call Merchant, Bribe Branch, Renounce
Religion


You were on level 4 of the Dungeon.
You worshipped Gozag.
Gozag was aware of your devotion.
You were very hungry.

You visited 1 branch of the dungeon, and saw 4 of its levels.

You collected 408 gold pieces.
You paid 25 gold pieces to Gozag.

Inventory:

Hand Weapons
 a - a +0 war axe (weapon)
Armour
 b - a +0 scale mail
 c - a +0 shield (worn)
 e - a +0 cloak (worn)
 u - a +0 chain mail (worn)
Jewellery
 o - a cursed +3 ring of evasion {unknown}
 x - an uncursed amulet of guardian spirit {unknown}
Scrolls
 h - 3 scrolls of identify {unknown}
 j - 2 scrolls of fog {unknown}
 l - 4 scrolls of recharging {unknown}
 n - 2 scrolls of remove curse {unknown}
 p - a scroll of amnesia {unknown}
 s - a scroll of enchant armour {unknown}
 v - a scroll of enchant weapon {unknown}
Potions
 i - 4 potions of curing {unknown}
 q - 2 potions of flight {unknown}
 r - a potion of agility {unknown}
 t - a potion of brilliance {unknown}
 w - a potion of berserk rage {unknown}
Comestibles
 f - 3 bread rations
 g - 3 fruits
 k - 4 royal jellies
 m - 2 meat rations


   Skills:
 - Level 3.2 Fighting
 - Level 2.0 Axes
 - Level 3.2 Armour
 + Level 6.9 Shields


You had 4 spell levels left.
You didn't know any spells.

Dungeon Overview and Level Annotations

Branches:
Dungeon (4/15)
 Temple: D:4-7

Altars:
Ashenzari
Gozag
Nemelex Xobeh
Trog
Vehumet
Wu Jian

Annotations:
D:4 KristoblXynda's ghost, amateur BaFi; Natasha


Innate Abilities, Weirdness & Mutations

You cannot be hasted, slowed, berserked, paralysed or teleported.
You can dig through walls and to a lower floor.
Your four strong arms can wield two-handed weapons with a shield.
You have a pair of large antennae on your head. (SInv)


Message History

You block Natasha's attack.
You closely miss Natasha.
Natasha is severely wounded.
You block Natasha's attack. x2
You hit Natasha.
Natasha is severely wounded.
Natasha casts a spell at you.
Your stasis prevents you from being slowed.
You closely miss Natasha.
Natasha is severely wounded.
Natasha casts a spell at you. The magic dart hits you!
* * * LOW HITPOINT WARNING * * *
Natasha casts a spell.
You miss Natasha.
Natasha is severely wounded.
Natasha extends her claws.
Natasha claws you!
You die...
Your body crumbles into a pile of gold.

.# #...#####.##.#..#...... .#
#.....[.........###.### .#
######...#####.##.#.#.#.#...
.#####..............##.##.#.##...
..#.......................#......
#.#.##.................W....##...
#.#.#####.#................?##...
#.#.# #.#....#####..#.#..######
#)#.# #.#....#@#{#..#.#..# #.#.#
##.#....##h#........# .)..#
#...[...#####.......#
.(######.......# ##.......
......##.####### ###.###.#
#####.##.#### ..# .#
#...#.....>.# .... #.#.........#
.## #...#[##.#..#


You could see Natasha.

Vanquished Creatures
  An orc priest (D:3)
  An adder (D:2)
  An ooze (D:2)
  An adder skeleton (D:4)
  4 worms (D:2)
  2 dart slugs (D:1)
  2 leopard geckos (D:2)
  6 orcs
  14 bats
  4 giant cockroaches
  5 goblins
  8 hobgoblins
  A quokka (D:2)
  6 frilled lizards
  6 kobolds
  8 rats
70 creatures vanquished.

Notes
Turn   | Place    | Note
-------+----------+-------------------------------------------
     0 | D:1      | grindst0ne the Formicid Fighter began the quest for the Orb.
     0 | D:1      | Reached XP level 1. HP: 18/18 MP: 1/1
   206 | D:1      | Reached skill level 4 in Shields
   214 | D:1      | Reached XP level 2. HP: 20/24 MP: 2/2
   464 | D:1      | Reached XP level 3. HP: 29/29 MP: 3/3
   500 | D:1      | Reached skill level 5 in Shields
  1506 | D:2      | Found an opulent altar of Gozag.
  1548 | D:2      | Became a worshipper of Gozag Ym Sagoz the Greedy
  1624 | D:2      | Reached XP level 4. HP: 35/35 MP: 4/4
  1850 | D:2      | Reached skill level 6 in Shields
  1865 | D:2      | Found a radiant altar of Vehumet.
  2244 | D:3      | Reached XP level 5. HP: 29/41 MP: 5/5
  2360 | D:3      | Found a bloodstained altar of Trog.
  2362 | D:3      | Found a sparkling altar of Nemelex Xobeh.
  2363 | D:3      | Found a shattered altar of Ashenzari.
  2460 | D:3      | Found an ornate altar of the Wu Jian Council.
  3068 | D:4      | Noticed KristoblXynda's ghost (amateur BaFi)
  3102 | D:4      | Noticed Natasha
  3129 | D:4      | HP: 1/41 [Natasha/magic dart (3)]
  3130 | D:4      | Mangled by Natasha

Vault maps used:
D:1:      dpeg_arrival_three_same_balls, minmay_quantized
D:2:      lemuel_doored_altar, grunt_gozag_statues
D:3:      overflow_temple_1_default, minitemple
D:4:      uniq_natasha

Skill      XL: |  1  2  3  4 |
---------------+-------------+-----
Shields        | 4 5 6 |  6.9
Fighting       | |  3.2
Axes           | |  2.0
Armour         | |  3.2

Action                   |  1- 3 |  4- 6 || total
-------------------------+-------+-------++-------
Melee: War axe           |    95 |   154 ||   249
 Abil: Dig               |     2 |     7 ||     9
  Use: Potion            |       |     1 ||     1
  Eat: Chunk             |     2 |     1 ||     3
       Bread ration      |       |     1 ||     1
Armor: Scale mail        |    46 |    59 ||   105
       Chain mail        |       |     9 ||     9
Dodge: Dodged            |    31 |    57 ||    88
Block: Shield            |    59 |    94 ||   153
